Map: Tropical Sacrifice

Players

RiSkyZ (RiSky)

  • Race: Zerg Zerg
  • Spawn Location: 7:00

ForJumY - Winner!

  • Race: Protoss Protoss
  • League: Grandmaster
  • Spawn Location: 1:00

Event: HomeStory Cup XXII

VOD

Have the link to the VOD?

Description

Time

  • Played on: Dec. 15, 2022, 9:35 a.m.
  • Length: 14:18

All games in this series

Show
View Real Time Build Order
Export as new Build Order

RiSkyZ Zerg 

Build Orders: Hatch First 

Get SALT Encoding   

  12  0:00  Drone  
  13  0:12  Overlord  
  13  0:17  Drone  
  14  0:31  Drone x2  
  16  0:46  Drone  
  17  0:52  Hatchery  
  17  0:56  Drone  
  17  1:00  Drone  
  18  1:11  Extractor  
  17  1:15  Spawning Pool  
  17  1:18  Drone  
  17  1:22  Drone  
  18  1:28  Drone  
  19  1:39  Drone  
  20  1:49  Overlord  
  20  2:01  Drone  
  21  2:04  Queen x2  
  21  2:05  Zergling x2  
  26  2:12  Drone  
  27  2:16  Metabolic Boost  
  27  2:17  Drone  
  28  2:24  Drone  
  28  2:26  Drone  
  30  2:38  Hatchery  
  29  2:44  Queen  
  29  2:49  Overlord  
  31  2:52  Zergling x2  
  31  2:55  Drone  
  31  2:56  Drone  
  34  3:01  Drone x2  
  36  3:11  Drone  
  37  3:13  Drone  
  37  3:14  Zergling x4  
  37  3:18  Zergling x2  
  41  3:30  Overlord  
  41  3:33  Drone x2  
  41  3:35  Drone  
  41  3:39  Evolution Chamber  
  41  3:46  Drone x2  
  41  3:48  Queen  
  43  3:49  Queen  
  43  3:54  Drone  
  43  3:55  Drone x2  
  50  3:59  Drone  
  50  4:02  Drone  
  52  4:05  Drone x3  
  55  4:11  Queen  
  55  4:14  Drone  
  55  4:15  Overlord  
  55  4:16  Drone  
  57  4:18  Drone  
  57  4:20  Overlord  
  57  4:22  Spore Crawler  
  57  4:23  Zergling x2  
  57  4:24  Overlord  
  58  4:30  Overlord  
  55  4:33  Zergling x6  
  55  4:36  Drone  
  56  4:40  Zerg Melee Weapons Level 1  
  56  4:41  Spore Crawler  
  56  4:45  Drone x3  
  58  4:48  Queen  
  61  4:52  Zergling x2  
  61  4:53  Zergling x4  
  61  4:54  Zergling x2  
  64  5:00  Zergling x6  
  67  5:07  Overlord  
  67  5:11  Overlord  
  67  5:13  Drone x6  
  73  5:14  Drone  
  73  5:17  Drone  
  73  5:32  Drone x2  
  73  5:33  Drone x4  
  73  5:34  Overlord  
  77  5:37  Lair  
  77  5:38  Drone x2  
  77  5:39  Drone, Extractor  
  77  5:40  Extractor  
  77  5:42  Extractor x2  
  76  5:43  Drone  
  76  5:49  Drone x2  
  80  5:52  Baneling Nest  
  80  5:55  Drone  
  80  5:56  Drone, Hatchery  
  79  5:58  Queen  
  81  6:06  Drone  
  81  6:07  Drone  
  81  6:08  Drone x2  
  85  6:12  Hatchery  
  85  6:13  Drone x5  
  85  6:15  Overlord  
  85  6:18  Zergling x4  
  91  6:21  Zergling x4  
  91  6:25  Zergling x2  
  94  6:28  Spore Crawler, Zergling x2  
  94  6:31  Zergling x2  
  95  6:34  Zergling x2  
  95  6:35  Zergling x6  
  99  6:40  Zergling x8  
  99  6:45  Overlord  
  99  6:46  Zerg Melee Weapons Level 2, Centrifugal Hooks  
  103  6:51  Hydralisk Den  
  103  6:52  Drone  
  103  6:55  Drone  
  103  6:56  Drone  
  103  6:57  Drone x2  
  103  6:58  Drone x2  
  109  7:09  Spore Crawler, Drone x4  
  109  7:12  Drone x3  
  115  7:19  Hydralisk x2  
  115  7:20  Hydralisk x5  
  129  7:23  Extractor  
  129  7:25  Extractor  
  129  7:26  Overlord  
  129  7:29  Overlord  
  126  7:32  Muscular Augments  
  126  7:33  Hydralisk  
  128  7:38  Zergling x12  
  134  7:50  Drone x7  
  134  7:51  Hydralisk x2, Drone x2  
  143  7:57  Hydralisk x2  
  151  8:01  Zergling x4  
  151  8:02  Overlord  
  151  8:05  Overlord x2  
  153  8:06  Overlord x2  
  153  8:07  Overseer  
  153  8:11  Overlord x2  
  153  8:12  Hydralisk x2  
  153  8:15  Baneling x3  
  153  8:16  Baneling x3  
  157  8:20  Overlord  
  157  8:24  Hydralisk x3  
  160  8:29  Zergling x20  
  160  8:32  Baneling x5  
  170  8:40  Drone x2  
  172  8:50  Spore Crawler, Hydralisk  
  172  8:51  Hydralisk x5  
  183  9:03  Spore Crawler, Zerg Missile Weapons Level 1  
  183  9:08  Zergling x2  
  183  9:09  Zergling x28  
  196  9:14  Grooved Spines  
  192  9:27  Spine Crawler  
  192  9:29  Spine Crawler  
  192  9:30  Spine Crawler  
  188  9:47  Zergling x24  
  200  9:55  Pneumatized Carapace  
  200  10:01  Baneling x13  
  184  10:17  Zergling x36  
  183  10:31  Zergling x20  
  183  10:34  Hydralisk  
  188  10:44  Hydralisk x5, Spine Crawler  
  197  10:51  Infestation Pit, Baneling x7  
  197  10:52  Hydralisk x3  
  200  11:09  Baneling x7  
  200  11:10  Baneling x16  
  195  11:13  Drone x5  
  195  11:14  Overseer  
  195  11:15  Spine Crawler  
  195  11:17  Spine Crawler x2  
  195  11:18  Spine Crawler  
  192  11:32  Zerg Missile Weapons Level 2, Hive  
  192  11:35  Spire  
  191  11:52  Queen  
  190  11:56  Zergling x18  
  190  11:57  Zergling x14  
  190  12:00  Zergling x4  
  200  12:02  Overlord  
  200  12:16  Overseer  
  200  12:35  Hatchery  
  199  12:48  Greater Spire  
  199  12:56  Spire  
  197  12:59  Extractor  
  197  13:01  Extractor  
  180  13:17  Zergling x38  
  180  13:18  Zergling x16  
  193  13:22  Hydralisk x3  
  199  13:31  Zergling x2  
  197  13:37  Zergling x2  
  197  13:38  Zergling x8  
  194  13:49  Zergling x12  
Show
View Real Time Build Order
Export as new Build Order

ForJumY Protoss - Winner!

Build Orders: 1 Gate Expand, Oracle Opening, Carriers, Zealot Archon 

Get SALT Encoding   

  12  0:01  Probe  
  13  0:13  Probe  
  14  0:20  Pylon  
  14  0:25  Probe  
  15  0:38  Probe (Chrono Boost)  
  16  0:43  Gateway  
  16  0:48  Probe (Chrono Boost)  
  17  0:53  Probe (Chrono Boost), Assimilator  
  18  1:05  Probe  
  19  1:17  Probe  
  20  1:30  Nexus  
  20  1:41  Cybernetics Core  
  20  1:44  Probe  
  21  1:53  Assimilator  
  21  1:56  Probe  
  21  2:01  Pylon  
  22  2:08  Probe  
  23  2:16  Adept (Chrono Boost)  
  23  2:21  Probe  
  26  2:25  Stargate  
  26  2:31  Warp Gate  
  26  2:33  Probe (Chrono Boost)  
  26  2:36  Adept (Chrono Boost)  
  27  2:43  Probe (Chrono Boost)  
  31  2:52  Probe x2 (Chrono Boost)  
  31  2:57  Probe (Chrono Boost)  
  31  2:58  Probe  
  33  3:00  Adept  
  36  3:09  Probe  
  37  3:15  Probe  
  37  3:16  Gateway  
  37  3:18  Pylon  
  38  3:20  Oracle (Chrono Boost)  
  41  3:28  Probe  
  41  3:30  Probe  
  43  3:40  Probe  
  44  3:42  Probe  
  45  3:49  Nexus  
  45  3:52  Oracle (Chrono Boost)  
  48  3:58  Pylon  
  48  4:01  Probe  
  49  4:05  Probe  
  49  4:13  Probe  
  49  4:18  Probe  
  49  4:20  Adept x2  
  54  4:28  Oracle  
  57  4:34  Probe  
  57  4:36  Probe  
  57  4:37  Shield Battery  
  59  4:40  Pylon  
  59  4:45  Adept  
  61  4:46  Probe  
  61  4:48  Pylon  
  62  4:55  Twilight Council, Forge  
  62  5:00  Stalker  
  62  5:01  Probe (Chrono Boost)  
  62  5:03  Probe (Chrono Boost)  
  62  5:06  Probe (Chrono Boost)  
  67  5:13  Probe (Chrono Boost)  
  69  5:15  Probe (Chrono Boost)  
  69  5:17  Probe (Chrono Boost)  
  69  5:19  Probe (Chrono Boost)  
  69  5:20  Probe (Chrono Boost)  
  70  5:23  Assimilator  
  70  5:24  Probe (Chrono Boost), Assimilator  
  73  5:32  Zealot x2  
  73  5:35  Probe (Chrono Boost)  
  68  5:36  Probe (Chrono Boost)  
  68  5:37  Probe (Chrono Boost)  
  68  5:41  Protoss Ground Weapons Level 1 (Chrono Boost)  
  69  5:44  Gateway  
  69  5:45  Charge, Probe (Chrono Boost)  
  69  5:49  Gateway  
  69  5:52  Probe x2  
  69  5:54  Probe  
  72  5:58  Templar Archives  
  72  6:04  Probe (Chrono Boost)  
  72  6:05  Gateway  
  72  6:06  Gateway  
  72  6:07  Probe (Chrono Boost)  
  72  6:09  Gateway  
  75  6:15  Probe (Chrono Boost)  
  75  6:16  Probe (Chrono Boost)  
  77  6:18  Pylon  
  77  6:19  Robotics Facility  
  77  6:21  Probe (Chrono Boost)  
  77  6:23  Probe (Chrono Boost), Assimilator  
  78  6:27  Assimilator  
  78  6:28  Zealot  
  78  6:29  Zealot  
  78  6:32  Probe  
  83  6:34  Probe  
  83  6:35  Probe  
  85  6:44  Zealot, Probe  
  88  6:54  High Templar x2  
  88  6:56  Probe  
  88  6:58  Pylon  
  88  6:59  Archon  
  88  7:00  Probe  
  94  7:02  Photon Cannon  
  94  7:04  Psionic Storm  
  94  7:05  Pylon  
  94  7:07  Probe  
  95  7:10  High Templar x2  
  95  7:14  Nexus  
  99  7:16  Zealot x3, Archon  
  99  7:20  Probe x3  
  107  7:32  Probe  
  107  7:33  Probe  
  107  7:34  High Templar x2  
  107  7:35  Probe  
  107  7:36  Pylon  
  114  7:39  Nexus, Warp Prism (Chrono Boost), Protoss Ground Weapons Level 2 (Chrono Boost)  
  116  7:44  Pylon  
  116  7:45  Archon, Probe  
  116  7:48  Pylon  
  116  7:50  Pylon  
  117  7:53  Pylon  
  117  7:54  Probe  
  117  7:56  High Templar x2  
  122  8:00  Archon  
  122  8:07  Gateway  
  122  8:08  Observer (Chrono Boost)  
  122  8:11  Zealot x5  
  133  8:20  Probe x2  
  133  8:24  Gateway x2  
  133  8:26  Probe  
  134  8:30  Shield Battery, High Templar x2  
  134  8:32  Probe  
  139  8:34  High Templar  
  139  8:35  Pylon  
  139  8:39  Zealot x4  
  149  8:44  Warp Prism (Chrono Boost)  
  149  8:45  Assimilator  
  149  9:01  Gateway, Protoss Air Weapons Level 1 (Chrono Boost)  
  149  9:02  Gateway  
  149  9:03  Assimilator, High Templar x3  
  149  9:08  Archon  
  152  9:17  Probe x2  
  142  9:24  Zealot x4  
  142  9:26  Fleet Beacon  
  142  9:32  Warp Prism  
  142  9:34  High Templar  
  142  9:35  High Templar  
  146  9:39  Photon Cannon  
  146  9:40  Shield Battery  
  142  9:48  Stalker  
  142  9:50  Pylon  
  142  9:54  Stargate  
  142  9:55  Stargate  
  142  9:59  Photon Cannon  
  142  10:03  Zealot x8  
  158  10:12  Archon  
  148  10:16  Zealot x3  
  154  10:23  Cybernetics Core  
  154  10:25  Zealot  
  154  10:26  Zealot x2  
  154  10:27  Pylon  
  147  10:32  Probe x3  
  147  10:33  Probe, High Templar  
  131  10:39  Carrier x2 (Chrono Boost)  
  141  10:44  Probe x2  
  141  10:45  Probe  
  141  10:49  Carrier (Chrono Boost)  
  140  10:50  Zealot x4  
  140  10:53  High Templar x2  
  140  10:54  Probe  
  153  11:00  Probe  
  153  11:02  Photon Cannon  
  154  11:06  Archon  
  154  11:10  Probe (Chrono Boost)  
  155  11:16  Probe (Chrono Boost)  
  154  11:20  Protoss Air Armor Level 1 (Chrono Boost)  
  154  11:21  Protoss Air Weapons Level 2 (Chrono Boost)  
  154  11:22  Probe x2 (Chrono Boost)  
  154  11:26  Probe x2 (Chrono Boost)  
  154  11:30  Probe x2 (Chrono Boost), Photon Cannon  
  156  11:34  High Templar  
  156  11:35  High Templar  
  160  11:46  Zealot x6  
  178  11:48  Carrier (Chrono Boost)  
  178  12:00  Observer  
  160  12:02  Zealot x3  
  160  12:04  Observer (Chrono Boost)  
  160  12:06  Carrier (Chrono Boost)  
  171  12:23  Zealot  
  171  12:24  Carrier (Chrono Boost)  
  173  12:36  Stalker  
  175  12:41  Warp Prism (Chrono Boost)  
  173  12:48  High Templar x3  
  173  12:49  High Templar  
  183  12:53  Archon  
  181  13:00  High Templar x2  
  181  13:04  Pylon  
  181  13:05  Archon  
  183  13:07  Warp Prism (Chrono Boost)  
  181  13:25  Zealot x6  
  195  13:41  Stargate  
  196  13:52  High Templar x2  
  196  13:54  Zealot x2  
  196  13:57  Archon  
  184  14:11  Pylon  
  184  14:13  Zealot x7  
Tags
 
Add a new tag
Caveats
  • Supply blocks, unpowered buildings, or Contaminate may cause inaccurate times.
  • Supply counts are checked every 10 seconds.